MLB
PHILADELPHIA PHILLIES @ WASHINGTON NATIONALS
07/15/2041
 
TOP OF THE 1ST
Philadelphia Phillies batting - Pitching for Washington Nationals : RHP Ed Ray
Pitching: RHP Ed Ray
Batting: RHB Oliver Rivera 0-0: Foul Ball, location: 9LSF
0-1: Ball
1-1: Fly out, F6 (Popup, 6S, EV 82.5 MPH)
Batting: RHB César Vega 0-0: Ball
1-0: Ball
2-0: Foul Ball, location: 9LDF
2-1: SINGLE (Line Drive, 4MD, EV 63.1 MPH)
Batting: LHB Luis Gonzáles 0-0: Fly out, F9 (Flyball, 89S, EV 79.4 MPH)
Batting: LHB Jake Allen 0-0: Called Strike
César Vega steals 2nd base
0-1: Ball
1-1: Foul Ball, location: 3SF
1-2: Strikes out swinging
Top of the 1st over - 0 runs, 1 hit, 0 errors, 1 left on base; Philadelphia 0 - Washington 0
BOTTOM OF THE 1ST
Washington Nationals batting - Pitching for Philadelphia Phillies : RHP Juan Sánchez
Pitching: RHP Juan Sánchez
Batting: LHB Dana Martin 0-0: Foul Ball, location: 9LMF
0-1: Ball
1-1: Called Strike
1-2: Foul Ball, location: 2F
1-2: Ball
2-2: Ball
3-2: Foul Ball, location: 7LSF
3-2: Strikes out swinging
Batting: SHB Luis Mota 0-0: Foul Ball, location: 7LDF
0-1: Ball
1-1: Ball
2-1: Foul Ball, location: 3SF
2-2: Foul Ball, location: 9LDF
2-2: Ball
3-2: Fly out, F7 (Line Drive, 7S, EV 83.8 MPH)
Batting: SHB António Villarreal 0-0: Ball
1-0: Swinging Strike
1-1: Swinging Strike
1-2: Ball
2-2: Strikes out swinging
Bottom of the 1st over - 0 runs, 0 hits, 0 errors, 0 left on base; Philadelphia 0 - Washington 0
TOP OF THE 2ND
Philadelphia Phillies batting - Pitching for Washington Nationals : RHP Ed Ray
Batting: RHB Ken Ransley 0-0: Foul Ball, location: 2F
0-1: Fly out, F6 (Line Drive, 6, EV 66.3 MPH)
Batting: RHB Joe Cavanagh 0-0: Ground out 6-3 (Groundball, 6, EV 86.3 MPH)
Batting: LHB Tim Thomas 0-0: Swinging Strike
0-1: Fly out, F5 (Popup, 25F, EV 84.4 MPH)
Top of the 2nd over - 0 runs, 0 hits, 0 errors, 0 left on base; Philadelphia 0 - Washington 0
BOTTOM OF THE 2ND
Washington Nationals batting - Pitching for Philadelphia Phillies : RHP Juan Sánchez
Batting: RHB Doug Watts 0-0: Fly out, F9 (Flyball, 89D, EV 93.8 MPH)
Batting: LHB Brad Numbers 0-0: Called Strike
0-1: Ball
1-1: Swinging Strike
1-2: Ball
2-2: Ball
3-2: Strikes out looking
Batting: SHB Dave Dulin 0-0: Swinging Strike
0-1: Ball
1-1: Ball
2-1: Swinging Strike
2-2: Ball
3-2: Strikes out swinging
Bottom of the 2nd over - 0 runs, 0 hits, 0 errors, 0 left on base; Philadelphia 0 - Washington 0
TOP OF THE 3RD
Philadelphia Phillies batting - Pitching for Washington Nationals : RHP Ed Ray
Batting: RHB Sam Bowman 0-0: Called Strike
0-1: Ball
1-1: Ball
2-1: Foul Ball, location: 5F
2-2: Fly out, F9 (Flyball, 9, EV 74.4 MPH)
Batting: RHB Raúl Jaramillo 0-0: Foul Ball, location: 9LMF
0-1: Swinging Strike
0-2: Ball
1-2: Foul Ball, location: 9LMF
1-2: Foul Ball, location: 25FF
1-2: Ball
2-2: Strikes out swinging
Batting: RHB Oliver Rivera 0-0: Ball
1-0: Called Strike
1-1: Fly out, F9 (Line Drive, 9LS, EV 93.8 MPH)
Top of the 3rd over - 0 runs, 0 hits, 0 errors, 0 left on base; Philadelphia 0 - Washington 0
BOTTOM OF THE 3RD
Washington Nationals batting - Pitching for Philadelphia Phillies : RHP Juan Sánchez
Batting: LHB Bob Mundarain 0-0: Called Strike
0-1: Hit by Pitch
Batting: LHB Eric Tushinghem 0-0: Swinging Strike
0-1: Ball
1-1: Foul Ball, location: 2F
1-2: Ball
2-2: SINGLE (Groundball, 34D, EV 94.4 MPH)
Bob Mundarain to second
Runner from 2nd tries for 3rd, SAFE, throw by RF made to third
Eric Tushinghem to second
Batting: SHB Jorge Acosta 0-0: Ball
1-0: Ground out 1-3 (Groundball, 23, EV 70.0 MPH)
Batting: LHB Dana Martin 0-0: Called Strike
0-1: Ground out U3 (Groundball, 34, EV 102.5 MPH)
Batting: SHB Luis Mota 0-0: Ball
1-0: Foul Ball, location: 2F
1-1: Ball
2-1: Ball
3-1: Foul Ball, location: 2F
3-2: Fly out, F9 (Line Drive, 9S, EV 98.8 MPH)
Bottom of the 3rd over - 0 runs, 1 hit, 0 errors, 2 left on base; Philadelphia 0 - Washington 0
TOP OF THE 4TH
Philadelphia Phillies batting - Pitching for Washington Nationals : RHP Ed Ray
Batting: RHB César Vega 0-0: Ground out 5-3 (Groundball, 56S, EV 83.1 MPH)
Batting: LHB Luis Gonzáles 0-0: DOUBLE (Line Drive, 7LS, EV 100.6 MPH)
Batting: LHB Jake Allen 0-0: Called Strike
0-1: Foul Ball, location: 5F
0-2: Foul Ball, location: 7LSF
0-2: Ball
1-2: Strikes out looking
Batting: RHB Ken Ransley 0-0: Ball
1-0: Ball
2-0: Fly out, F7 (Flyball, 78D, EV 90.6 MPH)
Top of the 4th over - 0 runs, 1 hit, 0 errors, 1 left on base; Philadelphia 0 - Washington 0
BOTTOM OF THE 4TH
Washington Nationals batting - Pitching for Philadelphia Phillies : RHP Juan Sánchez
Batting: SHB António Villarreal 0-0: Foul Ball, location: 7LDF
0-1: Foul Ball, location: 3F
0-2: Ball
1-2: Ball
2-2: Ball
3-2: Strikes out swinging, 2-3 out at first.
Batting: RHB Doug Watts 0-0: Swinging Strike
0-1: Ball
1-1: Called Strike
1-2: Fly out, F9 (Flyball, 9D, EV 84.4 MPH)
Batting: LHB Brad Numbers 0-0: Ball
1-0: Foul Ball, location: 2RF
1-1: Ball
2-1: Foul Ball, location: 7LMF
2-2: Strikes out swinging
Bottom of the 4th over - 0 runs, 0 hits, 0 errors, 0 left on base; Philadelphia 0 - Washington 0
TOP OF THE 5TH
Philadelphia Phillies batting - Pitching for Washington Nationals : RHP Ed Ray
Batting: RHB Joe Cavanagh 0-0: Called Strike
0-1: Foul Ball, location: 5F
0-2: Foul Ball, location: 2F
0-2: Foul Ball, location: 2F
0-2: Ball
1-2: Ball
2-2: Ball
3-2: Strikes out swinging
Batting: LHB Tim Thomas 0-0: Fly out, F7 (Line Drive, 7S, EV 91.3 MPH)
Batting: RHB Sam Bowman 0-0: Ball
1-0: Ground out 5-3 (Groundball, 56S, EV 82.5 MPH)
Top of the 5th over - 0 runs, 0 hits, 0 errors, 0 left on base; Philadelphia 0 - Washington 0
BOTTOM OF THE 5TH
Washington Nationals batting - Pitching for Philadelphia Phillies : RHP Juan Sánchez
Batting: SHB Dave Dulin 0-0: Foul Ball, location: 9LDF
0-1: Ball
1-1: Ball
2-1: Swinging Strike
2-2: Ball
3-2: Fly out, F6 (Popup, 6, EV 53.8 MPH)
Batting: LHB Bob Mundarain 0-0: Ball
1-0: DOUBLE (Line Drive, 5D, EV 93.8 MPH)
Batting: LHB Eric Tushinghem 0-0: Called Strike
0-1: Foul Ball, location: 2F
0-2: Ball
1-2: Ball
2-2: Fly out, F7 (Line Drive, 78M, EV 110.6 MPH)
Batting: SHB Jorge Acosta 0-0: Called Strike
0-1: Ball
1-1: Foul Ball, location: 2F
1-2: Ball
2-2: Strikes out swinging
Bottom of the 5th over - 0 runs, 1 hit, 0 errors, 1 left on base; Philadelphia 0 - Washington 0
TOP OF THE 6TH
Philadelphia Phillies batting - Pitching for Washington Nationals : RHP Ed Ray
Batting: RHB Raúl Jaramillo 0-0: Called Strike
0-1: Called Strike
0-2: Ground out 6-3 (Groundball, 6, EV 105.6 MPH)
Batting: RHB Oliver Rivera 0-0: Ground out 6-3 (Groundball, 56, EV 96.9 MPH)
Batting: RHB César Vega 0-0: SINGLE (Line Drive, 89S, EV 106.9 MPH)
Batting: LHB Luis Gonzáles 0-0: Ball
César Vega is caught stealing 2nd base 2-6
Top of the 6th over - 0 runs, 1 hit, 0 errors, 0 left on base; Philadelphia 0 - Washington 0
BOTTOM OF THE 6TH
Washington Nationals batting - Pitching for Philadelphia Phillies : RHP Juan Sánchez
Batting: LHB Dana Martin 0-0: Called Strike
0-1: Foul Ball, location: 5F
0-2: Foul Ball, location: 7LDF
0-2: Ball
1-2: Ball
2-2: Strikes out swinging
Batting: SHB Luis Mota 0-0: Called Strike
0-1: Ball
1-1: Ball
2-1: Ball
3-1: Foul Ball, location: 5F
3-2: Base on Balls
Batting: SHB António Villarreal 0-0: Ball
Luis Mota steals 2nd base (no throw)
1-0: Ball
2-0: Called Strike
2-1: Foul Ball, location: 2F
2-2: Ball
3-2: Ground out 6-3 (Groundball, 6, EV 106.3 MPH)
Luis Mota to third
Batting: RHB Doug Watts 0-0: Called Strike
0-1: Foul Ball, location: 3F
0-2: Ball
1-2: Ball
2-2: Strikes out swinging, 2-3 out at first.
Bottom of the 6th over - 0 runs, 0 hits, 0 errors, 1 left on base; Philadelphia 0 - Washington 0
TOP OF THE 7TH
Philadelphia Phillies batting - Pitching for Washington Nationals : RHP Ed Ray
Batting: LHB Luis Gonzáles 0-0: Called Strike
0-1: Ball
1-1: DOUBLE (Flyball, 78D, EV 100.6 MPH)
Batting: LHB Jake Allen 0-0: Intentional Walk
Batting: RHB Ken Ransley 0-0: Called Strike
0-1: Called Strike
0-2: Ball
1-2: Grounds into double play, 6-4-3 (Groundball, 6, EV 91.3 MPH)
Luis Gonzáles to third
Batting: RHB Joe Cavanagh 0-0: Ball
1-0: Foul Ball, location: 9LDF
1-1: SINGLE (Line Drive, 78S, EV 95.6 MPH)
Luis Gonzáles scores
Batting: LHB Tim Thomas 0-0: Ball
1-0: Called Strike
1-1: Ball
2-1: Foul Ball, location: 25F
2-2: Ball
3-2: Base on Balls
Joe Cavanagh to second
Batting: RHB Sam Bowman 0-0: Called Strike
0-1: Ball
1-1: Ball
2-1: Foul Ball, location: 9LDF
2-2: Fielders Choice at 2nd, 6-4 (Groundball, 6, EV 101.9 MPH)
Top of the 7th over - 1 run, 2 hits, 0 errors, 2 left on base; Philadelphia 1 - Washington 0
BOTTOM OF THE 7TH
Washington Nationals batting - Pitching for Philadelphia Phillies : RHP Juan Sánchez
Pitching: RHP Dave Frazier
Batting: LHB Brad Numbers 0-0: Ball
1-0: Ball
2-0: Foul Ball, location: 2F
2-1: Foul Ball, location: 25FF
2-2: Strikes out swinging
Batting: SHB Dave Dulin 0-0: Ball
1-0: Called Strike
1-1: Ball
2-1: SOLO HOME RUN (Flyball, 9D, EV 93.1 MPH), Distance : 372 ft
Batting: LHB Bob Mundarain 0-0: Called Strike
0-1: Ball
1-1: Swinging Strike
1-2: Foul Ball, location: 2F
1-2: Ball
2-2: Ball
3-2: Foul Ball, location: 5SF
3-2: Fly out, F7 (Flyball, 78M, EV 83.8 MPH)
Pitching: LHP Chris Spence
Pinch Hitting: RHB Juan Palácios 0-0: Ball
1-0: Foul Ball, location: 2F
1-1: Foul Ball, location: 2F
1-2: Fly out, F6 (Popup, 6, EV 56.9 MPH)
Bottom of the 7th over - 1 run, 1 hit, 0 errors, 0 left on base; Philadelphia 1 - Washington 1
TOP OF THE 8TH
Philadelphia Phillies batting - Pitching for Washington Nationals : RHP Ed Ray
Now in LF: Orlando Rodríguez
Now in CF: Dana Martin
Batting: RHB Raúl Jaramillo 0-0: Ball
1-0: Ground out 4-3 (Groundball, 6M, EV 105.6 MPH)
Batting: RHB Oliver Rivera 0-0: Ball
1-0: SINGLE (Groundball, 4MD, EV 98.1 MPH)
Batting: RHB César Vega 0-0: Ball
1-0: Ball
2-0: Ball
3-0: Called Strike
3-1: SINGLE (Groundball, 56, EV 94.4 MPH)
Oliver Rivera to second
Batting: LHB Luis Gonzáles 0-0: Swinging Strike
0-1: Called Strike
0-2: Ball
1-2: Ball
2-2: DOUBLE (Flyball, 8RXD, EV 102.5 MPH)
Oliver Rivera scores
César Vega to third
Runner from 3rd tries for Home, SAFE, no throw by CF
Batting: LHB Jake Allen 0-0: Intentional Walk
Batting: RHB Ken Ransley 0-0: SINGLE (Groundball, 2L, EV 63.1 MPH) (infield hit)
Luis Gonzáles to third
Jake Allen to second
Batting: RHB Joe Cavanagh 0-0: Grounds into fielders choice 4-2 (Groundball, 6, EV 92.5 MPH)
Jake Allen to third
Ken Ransley to second
Batting: LHB Tim Thomas 0-0: Ball
Wild Pitch!
Jake Allen scores
Ken Ransley to third
Joe Cavanagh to second
1-0: Foul Ball, location: 7LDF
1-1: Ball
2-1: Foul Ball, location: 25F
2-2: Fly out, F9 (Flyball, 89S, EV 88.1 MPH)
Top of the 8th over - 3 runs, 4 hits, 0 errors, 2 left on base; Philadelphia 4 - Washington 1
BOTTOM OF THE 8TH
Washington Nationals batting - Pitching for Philadelphia Phillies : LHP Chris Spence
Batting: SHB Jorge Acosta 0-0: Called Strike
0-1: Ball
1-1: Called Strike
1-2: Foul Ball, location: 2F
1-2: Fly out, F9 (Line Drive, 9LM, EV 91.3 MPH)
Batting: LHB Dana Martin 0-0: Called Strike
0-1: Ball
1-1: Called Strike
1-2: Foul Ball, location: 2F
1-2: Strikes out swinging
Batting: SHB Luis Mota 0-0: Fly out, F9 (Line Drive, 9S, EV 102.5 MPH)
Bottom of the 8th over - 0 runs, 0 hits, 0 errors, 0 left on base; Philadelphia 4 - Washington 1
TOP OF THE 9TH
Philadelphia Phillies batting - Pitching for Washington Nationals : RHP Ed Ray
Batting: RHB Sam Bowman 0-0: Foul Ball, location: 9LDF
0-1: Foul Ball, location: 2F
0-2: Ball
1-2: Foul Ball, location: 2F
1-2: Fly out, F8 (Line Drive, 8RM, EV 90.0 MPH)
Batting: RHB Raúl Jaramillo 0-0: Foul Ball, location: 2F
0-1: Ball
1-1: SINGLE (Groundball, 4MD, EV 108.1 MPH)
Pitching: RHP Jeff Houston
Batting: RHB Oliver Rivera 0-0: Ball
1-0: SINGLE (Line Drive, 6MD, EV 100.0 MPH)
Raúl Jaramillo to second
Runner from 2nd tries for 3rd, OUT! 8-5
Batting: RHB César Vega 0-0: Called Strike
0-1: Fielders Choice at 2nd, 6-4 (Groundball, 6D, EV 99.4 MPH)
Top of the 9th over - 0 runs, 2 hits, 0 errors, 1 left on base; Philadelphia 4 - Washington 1
BOTTOM OF THE 9TH
Washington Nationals batting - Pitching for Philadelphia Phillies : LHP Chris Spence
Pitching: RHP Jim Boyer
Now in CF: Álex Cepeda
Now in RF: Raúl Jaramillo
Batting: SHB António Villarreal 0-0: Ball
1-0: Called Strike
1-1: Called Strike
1-2: Foul Ball, location: 2F
1-2: Ball
2-2: Fly out, F5 (Popup, 5SF, EV 73.8 MPH)
Batting: RHB Doug Watts 0-0: SINGLE (Groundball, 34D, EV 98.1 MPH)
Batting: LHB Brad Numbers 0-0: Foul Ball, location: 2F
0-1: Foul Ball, location: 2F
0-2: Ground out 4-3 (Groundball, 4S, EV 72.5 MPH)
Doug Watts to second
Batting: SHB Dave Dulin 0-0: Ball
1-0: Foul Ball, location: 3FF
1-1: Ball
2-1: Ball
3-1: Fly out, F7 (Line Drive, 78M, EV 86.3 MPH)
Bottom of the 9th over - 0 runs, 1 hit, 0 errors, 1 left on base; Philadelphia 4 - Washington 1
Sunday, March 24th , 2024 - OOTP Baseball 24.10 Build 82